 Dungeon Crawl Stone Soup version 0.14.0-12-g87ee3b7 (webtiles) character file.

170 MDvedh the Ruinous (level 4, 0/24 HPs)
             Began as a Deep Elf Conjurer on Apr 17, 2014.
             Slain by an orc wizard
             ... wielding a +0,+0 dagger
              (2 damage)
             ... while paralysed by a potion of paralysis
             ... on Level 2 of the Dungeon.
             The game lasted 00:02:54 (1719 turns).

MDvedh the Ruinous (Deep Elf Conjurer)              Turns: 1719, Time: 00:02:55

HP   0/24        AC  2     Str  5      XL: 4   Next: 56%
MP   2/15        EV  2     Int 21      God:
Gold 63          SH  0     Dex 15      Spells:  2 memorised,  8 levels left

rFire  . . .     SeeInvis .     (no weapon)
rCold  . . .     Clarity  .     a - +0 robe
rNeg   . . .     Conserve .     (no shield)
rPois  .         rCorr    .     (no helmet)
rElec  .         rRot     .     (no cloak)
SustAb . .       Spirit   .     (no gloves)
rMut   .         Warding  .     (no boots)
Saprov . . .     Stasis   .     (no amulet)
MR     .....                    (no ring)
                                (no ring)

@: paralysed, not resistant to hostile enchantments, fairly stealthy
A: no striking features
a: no special abilities


You were on level 2 of the Dungeon.
You were not hungry.

You visited 1 branch of the dungeon, and saw 3 of its levels.

You collected 63 gold pieces.

Inventory:

Armour
 a - a +0 robe (worn)
Magical devices
 n - a wand of digging (7) {unknown}
Comestibles
 b - 4 bread rations
 h - an apple
 k - a meat ration
 m - a rotting chunk of orc flesh
 o - a pear
Scrolls
 e - 2 scrolls of teleportation {unknown}
 l - a scroll of random uselessness {unknown}
Jewellery
 d - a +1 ring of intelligence {unknown}
 f - an uncursed ring of invisibility {unknown}
 i - an uncursed amulet of resist mutation {unknown}
Potions
 j - a potion of restore abilities {unknown}
 p - a potion of heal wounds {unknown}
 q - a potion of magic {unknown}
Books
 c - a book of Conjurations

   Spells                             Type                      Level
   *Magic Dart                        Conjuration                  1
   *Searing Ray                       Conjuration                  2
   Dazzling Spray                     Conjuration/Hexes            3
   Fulminant Prism                    Conjuration/Hexes            4
   Iskenderun's Mystic Blast          Conjuration                  4
   Iskenderun's Battlesphere          Conjuration/Charms           5


   Skills:
 + Level 2.6 Dodging
 + Level 2.6 Stealth
 + Level 4.1 Spellcasting
 + Level 6.0 Conjurations


You had 8 spell levels left.
You knew the following spells:

 Your Spells              Type           Power        Failure   Level  Hunger
a - Magic Dart            Conj           ####         1%          1    None
b - Searing Ray           Conj           ####..       1%          2    #......


Dungeon Overview and Level Annotations

Branches:
Dungeon (3/15)

Altars:
Kikubaaqudgha


Message History

There are no items here.
Unknown command.
The orc wizard closely misses you. The orc hits you.
* * * LOW HITPOINT WARNING * * *
The orc wizard hits you with a dagger.
* * * LOW HITPOINT WARNING * * *
You climb upwards.
There is a stone staircase leading down here.
Things that are here:
a rotting orc corpse; a hand axe Unknown command.
Unknown command.
Unknown command.
Unknown command.
Drink which item? (? for menu, Esc to quit)
You suddenly lose the ability to move!
It was a potion of paralysis.
The orc hits you.
* * * LOW HITPOINT WARNING * * *
The orc wizard hits you with a dagger.
You die...

#.# ##.###.##### #.... #%#
#.# #.# #.... #.# #.# #.#
#...( #.# #.# #.# #.... #.#
#.# #.#######.... #%# #.#
#<...........
#.####.###.<.....#....
#######.#..o.<##.......##.##
#.......#..@..##......_##(##
#...<...#.o...##............
#.......#..)..##.########...
#.....>.#.....##.# #...
#.......#.%...##.########...
#.....).%..................)
#.......####.###.########...
#.......# #.# #.########...
#.......# #.# #............


You could see an orc wizard and an orc.

Vanquished Creatures
  An orc priest (D:2)
  An orc wizard (D:3)
  A worm (D:2)
  A giant gecko (D:1)
  5 orcs
  3 bats (D:1)
  2 giant cockroaches
  8 goblins
  5 hobgoblins
  3 giant newts
  2 kobolds (D:1)
  7 rats
39 creatures vanquished.

Notes
Turn   | Place    | Note
--------------------------------------------------------------
     0 | D:1      | MDvedh, the Deep Elf Conjurer, began the quest for the Orb.
     0 | D:1      | Reached XP level 1. HP: 10/10 MP: 5/5
   313 | D:1      | Reached XP level 2. HP: 15/15 MP: 4/8
   558 | D:1      | Reached skill level 5 in Conjurations
   951 | D:2      | Reached XP level 3. HP: 19/19 MP: 1/11
  1049 | D:2      | Learned a level 2 spell: Searing Ray
  1095 | D:2      | Found an ancient bone altar of Kikubaaqudgha.
  1381 | D:2      | Reached XP level 4. HP: 20/24 MP: 8/14
  1713 | D:3      | Reached skill level 6 in Conjurations
  1719 | D:2      | Paralysed by a potion of paralysis for 4 turns
  1719 | D:2      | Slain by an orc wizard

Action                   |  1- 3 |  4- 6 || total
-------------------------+-------+-------++-------
 Cast: Magic Dart        |    66 |     4 ||    70
       Searing Ray       |     1 |     5 ||     6
  Use: Potion            |       |     1 ||     1
